 Dungeon Crawl Stone Soup version 0.29.0-13-gc9e81de378 (webtiles) character file.

Game seed: 17094723944306611595

79305 Zonian the Basher (level 15, -1/116 (122) HPs)
             Began as a Demonspawn Gladiator on Sept 10, 2022.
             Was the Champion of Dithmenos.
             Slain by an orc knight
             ... wielding a +0 glaive
              (19 damage)
             ... on level 2 of the Orcish Mines.
             The game lasted 00:44:32 (26280 turns).

Zonian the Basher (Demonspawn Gladiator)           Turns: 26280, Time: 00:44:33

HP:   -1/116 (122)  AC: 11    Str: 19    XL:     15   Next: 20%
MP:   0/24          EV: 23    Int: 16    God:    Dithmenos [******]
Gold: 1914          SH:  6    Dex: 20    Spells: 14/19 levels left

rFire   + . .      SeeInvis .   q - +8 flail "Julalaz" {drain, rElec Dex+4}
rCold   + + .      Faith    .   i - +0 buckler
rNeg    . . .      Spirit   +   y - +3 ring mail {Will+}
rPois   .          Reflect  .   A - +1 helmet "Noqoruv" {Int+5}
rElec   +          Harm     .   k - scarf {rC+ rF+}
rCorr   .          Rampage  .   (no gloves)
Will    ++...                   (no boots)
Stlth   ++........              K - amulet of guardian spirit
HPRegen 1.29/turn               r - ring of protection from cold
MPRegen 0.19/turn               Z - ring of the Hare {EV+8}

@: wereblooded, wreathed by umbra, lightly drained
A: powered by death 1, spiny 3, sturdy frame 1, demonic touch 2
a: Renounce Religion, Shadow Step, Shadow Form


You were on level 2 of the Orcish Mines.
You worshipped Dithmenos.
Dithmenos was exalted by your worship.
You visited 3 branches of the dungeon, and saw 21 of its levels.

You collected 1914 gold pieces.

Inventory:

Hand Weapons
 c - a +4 scimitar of flaming
 q - the +8 flail "Julalaz" (weapon) {drain, rElec Dex+4}
   (You found it on level 4 of the Dungeon)

   A truly terrible weapon, it drains the life of any living foe it strikes.
   Dex:       It affects your dexterity (+4).
   rElec:     It insulates you from electricity.
 s - a +1 short sword of draining
 F - a +5 vorpal flail
 U - the +8 great mace of Autumn {venom, *Noise rF+ rC+}
   (You found it on level 11 of the Dungeon)

   It poisons the flesh of those it strikes.
   rF:        It protects you from fire.
   rC:        It protects you from cold.
   *Noise:    It may make noises in combat.
Missiles
 d - 3 throwing nets (quivered)
 e - a javelin
 G - 48 poisoned darts
 M - 9 boomerangs
 W - 5 silver javelins
Armour
 b - a +0 leather armour
 i - a +0 buckler (worn)
 k - a scarf of resistance (worn)
 y - a +3 ring mail of willpower (worn)
 A - the +1 helmet "Noqoruv" (worn) {Int+5}
   (You found it on level 4 of the Dungeon)

   Int:       It affects your intelligence (+5).
 V - the +1 plate armour of Fun {Will+++ Regen+ rCorr Int-3}
   (You found it on level 11 of the Dungeon)

   Int:       It affects your intelligence (-3).
   Regen:     It increases your rate of health regeneration.
   rCorr:     It protects you from acid and corrosion.
   Will:      It greatly increases your willpower.
Jewellery
 a - a ring of magical power
 r - a ring of protection from cold (left hand)
 t - an amulet of regeneration
 K - an amulet of guardian spirit (around neck)
 O - a +6 ring of intelligence
 Z - the ring of the Hare (right hand) {EV+8}
   (You found it on level 5 of the Lair of Beasts)

   [ring of evasion]

   EV:        It affects your evasion (+8).
Wands
 g - a wand of paralysis (20)
 v - a wand of iceblast (13)
 N - a wand of polymorph (16)
 P - a wand of mindburst (8)
 Q - a wand of flame (14)
Scrolls
 n - 2 scrolls of blinking
 p - 6 scrolls of teleportation
 u - 3 scrolls of magic mapping
 w - 2 scrolls of identify
 B - a scroll of brand weapon
 C - 7 scrolls of immolation
 E - 3 scrolls of enchant weapon
 I - a scroll of fog
 L - a scroll of torment
 T - a scroll of summoning
 X - a scroll of fear
Potions
 f - 17 potions of curing
 h - 4 potions of might
 j - 5 potions of haste
 l - a potion of heal wounds
 m - 3 potions of cancellation
 o - 2 potions of berserk rage
 x - 2 potions of magic
 z - 7 potions of brilliance
 D - 3 potions of lignification
 H - a potion of ambrosia
 J - 5 potions of flight
 Y - a potion of invisibility
Miscellaneous
 R - a phantom mirror
 S - a tin of tremorstones (1/2)


   Skills:
 + Level 12.6 Fighting
 - Level 4.2 Short Blades
 - Level 14.0 Maces & Flails
 - Level 5.6 Throwing
 + Level 5.6 Armour
 - Level 6.1 Dodging
 - Level 4.0 Shields
 + Level 2.5 Spellcasting
 + Level 3.2 Necromancy
 - Level 8.0 Transmutations
 - Level 12.0 Invocations
 - Level 8.0 Evocations


You had 14 spell levels left.
You knew the following spells:

 Your Spells              Type           Power      Damage    Failure   Level
a - Wereblood             Tmut           27%        N/A       1%          2
b - Vampiric Draining     Necr           12%        2d6       26%         3

Your spell library contained the following spells:

 Spells                   Type           Power      Damage    Failure   Level
 Passwall                 Tmut/Erth      11%        N/A       10%         2
 Sublimation of Blood     Necr           12%        N/A       13%         2
 Shock                    Conj/Air       8%         1d3       32%         1
 Slow                     Hex            8%         N/A       32%         1
 Ignite Poison            Fire/Tmut/Pois 10%        N/A       32%         3
 Blade Hands              Tmut           13%        N/A       34%         5
 Ensorcelled Hibernation  Hex/Ice        4%         N/A       45%         2
 Ice Form                 Ice/Tmut       14%        N/A       54%         4
 Animate Dead             Necr           12%        N/A       65%         4
 Confusing Touch          Hex            2%         N/A       69%         3
 Mephitic Cloud           Conj/Pois/Air  2%         N/A       69%         3
 Ozocubu's Armour         Ice            2%         N/A       69%         3
 Portal Projectile        Hex/Tloc       4%         N/A       69%         3
 Swiftness                Air            2%         N/A       69%         3
 Tukima's Dance           Hex            2%         N/A       69%         3
 Airstrike                Air            1%         2d(1-17)  97%         4
 Animate Armour           Summ/Erth      4%         N/A       97%         4
 Summon Ice Beast         Ice/Summ       2%         N/A       97%         4
 Freezing Cloud           Conj/Ice/Air   1%         6-21      100%        5
 Metabolic Englaciation   Hex/Ice        1%         N/A       100%        5
 Iron Shot                Conj/Erth      1%         9d1       100%        6
 Simulacrum               Ice/Necr       3%         N/A       100%        6
 Starburst                Conj/Fire      1%         6d3       100%        6
 Haunt                    Necr/Summ      3%         N/A       100%        7
 Summon Hydra             Summ           1%         N/A       100%        7
 Infestation              Necr           6%         N/A       100%        8
 Fire Storm               Conj/Fire      1%         7d1       100%        9


Dungeon Overview and Level Annotations

Branches:
Dungeon (14/15)            Temple (0/1) D:5            Lair (5/5) D:11
  Swamp (0/4) Lair:3        Snake (0/4) Lair:2        Slime (0/5) Lair:4
    Orc (2/2) D:12            Elf (0/3) Orc:2        Vaults (0/5) D:14

Altars:
Ashenzari
Cheibriados
Dithmenos
Fedhas
Makhleb
Qazlal
Sif Muna
Trog
Uskayaw
Vehumet
Wu Jian
Xom
Jiyva

Portals:
Trove: D:10 (give 8 scrolls of blinking)

Annotations:
D:10 1 runed translucent door, Iusername's ghost, journeyman MiFi
D:12 Gastronok
Lair:4 1 runed translucent door


Innate Abilities, Weirdness & Mutations

You regenerate a little health from kills.
You are completely covered in sharp spines.
Your movements are slightly less encumbered by armour. (ER -2)
Your touch may inflict irresistible damage on your foes.


Message History

You miss the orc wizard.
Your shadow hits the orc wizard with a flail.
You howl as the wereblood boils in your veins!
The orc knight misses you. The orc wizard closely misses you.
The orc sorcerer points at you and mumbles some strange words.
The bolt of negative energy hits you!!
You feel drained. The orc knight closely misses you.
You bludgeon the orc wizard!!
You feel a bit better.
You kill the orc wizard!
Dithmenos accepts your kill.
Unknown command.
You bludgeon the orc knight!!
You feel a bit better.
You kill the orc knight!
Dithmenos accepts your kill. The orc sorcerer casts a spell at you.
The bolt of negative energy hits you!
You feel drained.
The orc knight hits you from afar with a +0 glaive!!!
* * * LOW HITPOINT WARNING * * *
You emit a cloud of dark smoke.
The orc warrior shoots a bolt.
The bolt closely misses you.
Blink to where?
Press: ? - help, Dir - move target, f - you
Okay, then.
The tremorstone explodes into fragments!
The burst of rock shards engulfs the orc sorcerer!
The burst of rock shards engulfs the orc knight.
The burst of rock shards engulfs the orc sorcerer.
The burst of rock shards engulfs the orc knight but does no damage.
The burst of rock shards engulfs the orc warrior!
The burst of rock shards engulfs the orc knight.
The burst of rock shards engulfs the orc sorcerer!
The burst of rock shards engulfs the orc warrior!
You kill the orc warrior!
Dithmenos accepts your kill. The burst of rock shards engulfs you.
* * * LOW HITPOINT WARNING * * *
The orc sorcerer gestures at you while chanting.
The bolt of fire misses you.
The orc knight hits you from afar with a +0 glaive!!
You die...

.......# #.....##
....#..# ... #....##
.......# ... #....#
)...#..# .... ##....#
.......##..... #....##
........##....#
##§§.##
.........#....o##§§§.#
.........###..o§§§§.##
...........##.§§@§§##
......#...#.###§§§##
.....#.......######
.........##.##
.#..##.......#
...#####.##.## ....##
###### #....# #...##


You could see an orc knight (strong) and an orc sorcerer (strong).

Vanquished Creatures
  An ironbound preserver (D:14)
  Snorg (D:10)
  A fire dragon (D:14)
  Erolcha (D:9)
  A catoblepas (Lair:5)
  4 hydras
  4 boulder beetles
  A centaur warrior (D:14)
  A deep troll shaman (Lair:5)
  18 death yaks
  2 two-headed ogres
  3 orc high priests
  A flayed ghost (D:11)
  A wizard (D:14)
  A lindwurm (Lair:5)
  5 orc knights
  2 deep elf pyromancers
  6 ugly things (D:14)
  6 manticores
  3 cyclopes
  3 orc sorcerers
  5 black mambas
  14 elephants (Lair:5)
  A torpor snail (Lair:2)
  Maurice (D:13)
  8 cane toads
  4 kobold demonologists (D:12)
  A rime drake (Lair:4)
  2 unseen horrors
  10 komodo dragons
  2 tengu conjurers (D:12)
  2 efreet (D:13)
  A hornet (D:10)
  A meliai (shapeshifter) (D:12)
  A polar bear (Lair:5)
  Prince Ribbit (Lair:2)
  2 trolls (Orc:2)
  A tyrant leech (Lair:3)
  20 dream sheep
  13 slime creatures (D:12)
  12 blink frogs
  9 wyverns
  2 shadows (D:11)
  A basilisk (shapeshifter) (D:14)
  3 fire bats (D:11)
  34 yaks
  5 basilisks
  5 wraiths
  4 vampire mosquitoes
  Edmund (D:6)
  A swamp worm (Lair:3)
  2 acid dragons
  5 wargs
  25 water moccasins
  A swamp drake (D:12)
  2 sky beasts
  2 ice beasts
  5 ogres
  21 orc warriors
  4 black bears
  6 centaurs
  12 wolves
  3 phantoms
  Blork the orc (D:6)
  8 kobold brigands
  A necrophage (D:6)
  11 bullfrogs
  2 scorpions
  3 wights (D:8)
  14 killer bees
  2 howler monkeys
  A jelly (D:6)
  2 gnoll boudas
  3 hounds
  17 orc priests
  2 iguanas
  27 orc wizards
  6 hell rats (Lair:4)
  17 gnolls
  5 adders
  A white imp (D:5)
  2 ufetubi (D:6)
  2 worms
  67 orcs
  6 endoplasms
  4 giant cockroaches
  8 goblins
  7 hobgoblins
  5 jackals
  2 quokkas
  7 ball pythons
  19 bats
  3 frilled lizards
  31 kobolds
  7 rats
614 creatures vanquished.

Vanquished Creatures (others)
  An orc wizard (Orc:2)
  A kobold (D:9)
  40 fungi
  59 plants
101 creatures vanquished.

Grand Total: 715 creatures vanquished

Notes
Turn   | Place    | Note
-------+----------+-------------------------------------------
     0 | D:1      | Zonian the Demonspawn Gladiator began the quest for the
                  | Orb.
     0 | D:1      | Reached XP level 1. HP: 16/16 MP: 1/1
   229 | D:1      | Gained mutation: You are partially covered in sharp spines.
                  | [demonic ancestry]
   229 | D:1      | Reached XP level 2. HP: 10/22 MP: 2/2
   865 | D:1      | Gained mutation: Your touch may inflict minor irresistible
                  | damage on your foes. [demonic ancestry]
   865 | D:1      | Reached XP level 3. HP: 28/28 MP: 3/3
  1219 | D:2      | Found a faded altar of an unknown god.
  2154 | D:3      | Gained mutation: You are mostly covered in sharp spines.
                  | [demonic ancestry]
  2154 | D:3      | Reached XP level 4. HP: 28/34 MP: 4/4
  2590 | D:3      | Reached XP level 5. HP: 41/41 MP: 5/5
  2812 | D:3      | Found a shadowy altar of Dithmenos.
  2818 | D:3      | Became a worshipper of Dithmenos the Shadowed
  3388 | D:4      | Reached XP level 6. HP: 29/47 MP: 6/6
  3793 | D:4      | Reached skill level 1 in Armour
  3799 | D:4      | Identified the +1 helmet "Noqoruv" {Int+5}
  4437 | D:4      | Identified the +8 flail "Julalaz" {drain, rElec Dex+4}
  4798 | D:5      | Entered Level 5 of the Dungeon
  4922 | D:5      | Gained mutation: Your touch may inflict irresistible damage
                  | on your foes. [demonic ancestry]
  4922 | D:5      | Reached XP level 7. HP: 50/54 MP: 7/7
  5544 | D:5      | Got Jimefef's Grimoire of Accomplices and the Pyromaniac
  5650 | D:5      | Reached skill level 1 in Maces & Flails
  5710 | D:5      | Reached * piety under Dithmenos
  5714 | D:5      | Found a staircase to the Ecumenical Temple.
  6428 | D:6      | Reached XP level 8. HP: 58/61 MP: 8/8
  6439 | D:6      | Reached skill level 2 in Maces & Flails
  6537 | D:6      | Noticed Edmund
  6542 | D:6      | Reached skill level 5 in Dodging
  6545 | D:6      | Killed Edmund
  6546 | D:6      | Reached skill level 5 in Fighting
  7225 | D:6      | Reached skill level 3 in Maces & Flails
  7351 | D:6      | Reached skill level 5 in Throwing
  7429 | D:6      | Noticed Blork the orc
  7442 | D:6      | Killed Blork the orc
  7606 | D:7      | Reached ** piety under Dithmenos
  7608 | D:7      | Gained mutation: You are completely covered in sharp
                  | spines. [demonic ancestry]
  7608 | D:7      | Reached XP level 9. HP: 68/68 MP: 9/9
  8128 | D:7      | Reached skill level 4 in Maces & Flails
  8495 | D:7      | Found a burning altar of Makhleb.
  8658 | D:8      | Found a hide-covered altar of Uskayaw.
  8680 | D:8      | Found a shimmering blue altar of Sif Muna.
  8685 | D:8      | Found a broken altar of Ashenzari.
  8703 | D:8      | Found a stormy altar of Qazlal.
  8704 | D:8      | Found a shimmering altar of Xom.
  8709 | D:8      | Found a snail-covered altar of Cheibriados.
  8713 | D:8      | Found an ornate altar of the Wu Jian Council.
  8784 | D:8      | Reached skill level 5 in Maces & Flails
  9035 | D:8      | You fall into a shaft and drop 1 floor!
  9332 | D:8      | Learned a level 2 spell: Wereblood
  9438 | D:8      | Reached skill level 6 in Maces & Flails
  9661 | D:9      | Reached skill level 7 in Maces & Flails
  9663 | D:9      | Reached *** piety under Dithmenos
  9664 | D:9      | Reached XP level 10. HP: 28/76 MP: 10/10
  9917 | D:9      | Reached skill level 8 in Maces & Flails
 10039 | D:9      | Noticed Erolcha
 10058 | D:9      | Killed Erolcha
 10059 | D:9      | Reached skill level 9 in Maces & Flails
 10221 | D:9      | Noticed a two-headed ogre
 10227 | D:9      | Killed a two-headed ogre
 10488 | D:9      | Found a bloodstained altar of Trog.
 10606 | D:10     | Entered Level 10 of the Dungeon
 10609 | D:10     | Found a portal to a secret trove of treasure.
 10630 | D:10     | Reached skill level 10 in Maces & Flails
 10690 | D:10     | Identified the +6 spear "Qivvios" {antimagic, Fragile rElec
                  | rPois Dex+9}
 10692 | D:10     | Found a runed translucent door.
 10694 | D:10     | Noticed Iusername's ghost (journeyman MiFi)
 10730 | D:10     | Noticed Snorg
 10752 | D:10     | Killed Snorg
 10753 | D:10     | Reached skill level 11 in Maces & Flails
 10753 | D:10     | Reached XP level 11. HP: 28/81 MP: 11/11
 11876 | D:11     | Reached skill level 12 in Maces & Flails
 12520 | D:11     | Noticed a two-headed ogre
 12533 | D:11     | Killed a two-headed ogre
 12551 | D:11     | Noticed a boulder beetle
 12558 | D:11     | Killed a boulder beetle
 12558 | D:11     | Reached **** piety under Dithmenos
 12566 | D:11     | Got the Vellum of Hoarfrost
 12627 | D:11     | Reached skill level 13 in Maces & Flails
 12798 | D:11     | Found a runed translucent door.
 12828 | D:11     | Found a shadowy altar of Dithmenos.
 12851 | D:11     | Found a radiant altar of Vehumet.
 12888 | D:11     | Found a burning altar of Makhleb.
 12996 | D:11     | Found a staircase to the Lair.
 13189 | D:11     | Found a shimmering blue altar of Sif Muna.
 13197 | D:11     | Noticed a flayed ghost
 13206 | D:11     | Killed a flayed ghost
 13210 | D:11     | Identified the +1 plate armour of Fun {Will+++ Regen+ rCorr
                  | Int-3}
 13211 | D:11     | Identified the +8 great mace of Autumn {venom, *Noise rF+
                  | rC+}
 13284 | Lair:1   | Entered Level 1 of the Lair of Beasts
 13347 | Lair:1   | Reached skill level 14 in Maces & Flails
 13447 | Lair:1   | Reached skill level 1 in Transmutations
 13559 | Lair:1   | Reached XP level 12. HP: 89/89 MP: 12/12
 14270 | Lair:2   | Found a staircase to the Snake Pit.
 14279 | Lair:2   | Reached skill level 1 in Evocations
 14291 | Lair:2   | Noticed a death yak
 14292 | Lair:2   | Noticed a death yak
 14311 | Lair:2   | Reached ***** piety under Dithmenos
 14316 | Lair:1   | Killed a death yak
 14622 | Lair:2   | Noticed a death yak
 14622 | Lair:2   | Noticed a death yak
 14646 | Lair:2   | Killed a death yak
 14649 | Lair:2   | Killed a death yak
 14895 | Lair:2   | Noticed Prince Ribbit
 14902 | Lair:2   | Killed Prince Ribbit
 14903 | Lair:2   | Reached skill level 5 in Transmutations
 15227 | Lair:2   | Noticed a death yak
 15228 | Lair:2   | Noticed a death yak
 15250 | Lair:2   | Killed a death yak
 15251 | Lair:2   | Reached skill level 5 in Evocations
 15256 | Lair:2   | Killed a death yak
 15260 | Lair:2   | Killed a death yak
 15629 | Lair:3   | Gained mutation: Your movements are slightly less
                  | encumbered by armour. (ER -2) [demonic ancestry]
 15629 | Lair:3   | Reached XP level 13. HP: 100/101 MP: 13/13
 16275 | Lair:3   | Reached skill level 10 in Fighting
 16921 | Lair:3   | Found a staircase to the Swamp.
 17402 | Lair:4   | Found a runed translucent door.
 17403 | Lair:4   | Found a viscous altar of Jiyva.
 17403 | Lair:4   | Noticed an acid blob
 17406 | Lair:4   | Found a staircase to the Slime Pits.
 17406 | Lair:4   | Noticed an acid blob
 17408 | Lair:4   | Noticed an acid blob
 18586 | Lair:5   | Entered Level 5 of the Lair of Beasts
 18787 | Lair:5   | Reached skill level 1 in Invocations
 18795 | Lair:5   | Reached ****** piety under Dithmenos
 18955 | Lair:5   | Gained mutation: You regenerate a little health from kills.
                  | [demonic ancestry]
 18955 | Lair:5   | Reached XP level 14. HP: 81/114 MP: 16/16
 19038 | Lair:5   | Reached skill level 5 in Invocations
 19331 | Lair:5   | Found the ring of the Hare {EV+8}
 20280 | D:12     | Reached skill level 10 in Invocations
 20365 | D:12     | Reached skill level 1 in Shields
 21205 | D:12     | Found a staircase to the Orcish Mines.
 21375 | D:12     | Noticed Gastronok
 21784 | D:13     | Noticed Maurice
 21793 | D:13     | Killed Maurice
 21923 | D:13     | Found a blossoming altar of Fedhas.
 23214 | D:14     | Noticed an ironbound preserver
 23228 | D:14     | Killed an ironbound preserver
 23727 | D:14     | Learned a level 3 spell: Vampiric Draining
 23828 | D:14     | Reached skill level 1 in Necromancy
 23908 | D:14     | Reached skill level 5 in Armour
 23908 | D:14     | Reached skill level 1 in Spellcasting
 23965 | D:14     | Found a gate to the Vaults.
 24340 | Orc:1    | Entered Level 1 of the Orcish Mines
 24349 | Orc:1    | Reached XP level 15. HP: 115/122 MP: 22/24
 24881 | Orc:2    | Entered Level 2 of the Orcish Mines
 24977 | Orc:2    | Found a staircase to the Elven Halls.
 26280 | Orc:2    | Slain by an orc knight

Illustrated notes

Levels and vault maps discovered:
D:1:      eino_arrival_cavern_e, layout_basic
D:2:      layout_basic, shapermc_ecumenical_altar_acropolis,
          chequers_serial_rivers_small_3
D:3:      layout_basic, mainiacjoe_overflow_six_doors_small
D:4:      layout_loops_ring, serial_bayou_pond_c, small_statue_intersection,
          hangedman_glass_teeth
D:5:      layout_loops_corners, minmay_temple_entry_drinking_statues
D:6:      layout_gridville, minmay_stone_trees_small, grunt_ministairs_3,
          uniq_edmund, uniq_blork_the_orc
D:7:      layout_rooms, kennysheep_mini
D:8:      layout_basic, nicolae_overflow_hallway_of_the_gods
D:9:      layout_roguey, trog_book, uniq_erolcha
D:10:     layout_roguey, nicolae_trove_entry_crossroad,
          ebering_ghost_funeral_grove, lightli_minifort, uniq_snorg
D:11:     due_megacathedral, layout_basic, erik_lair_orcish_takeover
D:12:     layout_gridville, erik_orc_1, grunt_decor_one_mirror,
          serial_bayou_pond_e, nicolae_twisting_strands, uniq_gastronok
D:13:     layout_basic, minmay_misc_feat_pillars, fedhas_altar_1, uniq_maurice
D:14:     layout_cave_pools, skrybe_vaults_entry_preservation, grunt_decor_cap
Lair:1:   layout_cave_pods, serial_bayou_shore_b
Lair:2:   layout_loops_ring, minmay_snake_entry_six_corridors,
          uniq_prince_ribbit2
Lair:3:   layout_concentric_octagons, palyth_hydra_swamp_entry
Lair:4:   layout_cave_pods, slime_entry_2, special_room
          [special_room_mythical_zoo]
Lair:5:   grunt_lair_end_beastmaster, layout_regular_city,
          amcnicky_mini_pool_medium, infiniplex_staircase_pool_2
Orc:1:    layout_caves, basic_altar
Orc:2:    grunt_orc_tribal_feast, layout_caves, basic_altar

Skill      XL: |  1  2  3  4  5  6  7  8  9 10 11 12 13 14 15 |
---------------+----------------------------------------------+-----
Throwing       | 2 3 4 5 |  5.6
Dodging        | 3 4 5 6 |  6.1
Short Blades   | 3 4 |  4.2
Fighting       | 3 4 5 6 9 11 12 | 12.6
Armour         | 1 2 3 4 5 |  5.6
Maces & Flails | 1 3 7 11 14 | 14.0
Transmutations | 1 6 8 |  8.0
Evocations     | 5 8 |  8.0
Invocations    | 3 12 | 12.0
Shields        | 4 |  4.0
Necromancy     | 1 3 |  3.2
Spellcasting   | 1 2 |  2.5

Action                   |  1- 3 |  4- 6 |  7- 9 | 10-12 | 13-15 || total
-------------------------+-------+-------+-------+-------+-------++-------
Melee: Rapier            |    61 |       |       |       |       ||    61
       Short sword       |    12 |    77 |       |       |       ||    89
       Touch             |     6 |    13 |    23 |    67 |    83 ||   192
       Flail             |       |     9 |   173 |   338 |   765 ||  1285
       Punch             |       |       |       |     3 |    10 ||    13
Throw: Dart              |       |       |     2 |     2 |    11 ||    15
       Throwing net      |       |       |       |     3 |     1 ||     4
       Javelin           |       |       |       |       |     5 ||     5
 Cast: Wereblood         |       |       |       |       |     6 ||     6
Evoke: Wand              |       |       |     1 |     6 |     3 ||    10
       Tin of tremorston |       |       |       |       |     2 ||     2
  Use: Scroll            |       |    10 |     7 |    11 |     3 ||    31
       Potion            |       |       |       |     3 |     3 ||     6
 Stab: Sleeping          |     1 |       |     1 |       |     4 ||     6
       Distracted        |       |       |       |       |     4 ||     4
Armor: Leather armour    |    25 |     3 |       |       |       ||    28
       Ring mail         |       |    19 |    49 |    64 |   111 ||   243
Dodge: Dodged            |    53 |    40 |   154 |   195 |   534 ||   976
Block: Buckler           |       |       |       |       |   102 ||   102
